 Dungeon Crawl Stone Soup version bcrawl-1.27.5 (webtiles) character file.

Game seed: 10965750870752735981

116961 Harlander the Magician (level 4, -1/45 HPs)
             Began as a Human Wizard on Aug 31, 2020.
             Slain by a kobold
             ... wielding a +0 club
              (2 damage)
             ... on level 2 of the Dungeon.
             The game lasted 00:16:09 (2063 turns).

Harlander the Magician (Human Wizard)               Turns: 2063, Time: 00:16:10

Health: -1/45      AC:  3    Str: 13    XL:     4   Next: 64%
Magic:  2/10       EV: 12    Int: 17    God:
Gold:   64         SH:  0    Dex: 11    Spells: 0/11 levels left

rFire    . . .     SeeInvis .   a - +1 staff
rCold    . . .     Gourm    .   (no shield)
rNeg     . . .     Faith    .   b - +0 robe
rPois    .         Spirit   .   c - +1 hat
rElec    .         Reflect  .   (no cloak)
rCorr    .         Harm     .   (no gloves)
MR       .....                  (no boots)
Stlth    ..........             (no amulet)
HPRegen  0.15/turn              (no ring)
MPRegen  0.12/turn              (no ring)

@: berserking (expiring), lethally poisoned (-1 -> -2), very quick
A: blurry vision 1, dopey 1, sense surroundings 1
a: no special abilities


You were on level 2 of the Dungeon.
You were not hungry.

You visited 1 branch of the dungeon, and saw 2 of its levels.

You collected 64 gold pieces.

Inventory:

Hand Weapons
 a - a +1 staff (weapon)
Missiles
 o - 80 bolts
Armour
 b - a +0 robe (worn)
 c - a +1 hat (worn)
 j - a +0 robe
Scrolls
 d - 2 scrolls of amnesia
 h - a scroll of fog {unknown}
 n - 2 scrolls of identify
Potions
 f - a potion of brilliance
 l - a potion of flight
Comestibles
 e - a ration {!d}
 g - a chunk of flesh


   Skills:
 + Level 0.1 Fighting
 + Level 0.7 Staves
 + Level 2.4 Dodging
 + Level 2.6 Stealth
 + Level 4.1 Spellcasting
 + Level 1.7 Conjurations
 + Level 1.5 Summonings
 + Level 1.1 Translocations
 + Level 0.1 Fire Magic


You couldn't memorise any spells.
You knew the following spells:

 Your Spells              Type           Power        Failure   Level  Hunger
a - Magic Dart            Conj           #...         8%          1    None
b - Blink                 Tloc           N/A          14%         2    None
c - Call Imp              Summ           #.....       12%         2    None
d - Mephitic Cloud        Conj/Pois/Air  #.......     36%         3    ###....
e - Conjure Flame         Conj/Fire      #.......     32%         3    ###....

Your spell library contained the following spells:

 Spells                   Type           Power        Failure   Level  Hunger
 Spider Form              Tmut/Pois      #..          43%         3    ###....


Dungeon Overview and Level Annotations

Branches:
Dungeon (2/12)

Altars:
Ashenzari

Annotations:
D:2 Terence


Innate Abilities, Weirdness & Mutations

Scrolls take you a little longer to read.
You are dopey. (Int -2)
You passively map a small area around you.


Message History

You feel yourself moving faster!
You feel mighty! The adder bites you.
* * * LOW HITPOINT WARNING * * *
You sock the adder!
You kill the adder!
You feel sick.
You completely miss the kobold. The kobold hits you with a +0 club.
* * * LOW HITPOINT WARNING * * *
Some of the chunks of flesh in your inventory have rotted away.
You closely miss the kobold. The kobold hits you but does no damage.
You closely miss the kobold.
* * * LOW HITPOINT WARNING * * *
You feel sick.
You barely miss the kobold. The kobold barely misses you.
You closely miss the kobold. The kobold hits you with a +0 club.
* * * LOW HITPOINT WARNING * * *
You closely miss the kobold. You miss the kobold.
* * * LOW HITPOINT WARNING * * *
You feel sick. The kobold hits you with a +0 club.
You die...

..# *#..
###...†..# *
....#....#
##.#...#.#
*#.#..#...## *
.#........# * *
*#.........######
#####.#......... ,
###Sh.......######
#@K#........# , ,
###l#hK#....# * ,
#.#ShS#..# , ,*
,*....#.....# ,
#.# #......## , ,
# ....#..# * , *
,#.#.....# *
.#..#...# * ##
...# * *


You could see a jackal, a ball python, a kobold and a frilled lizard.

Vanquished Creatures
  An adder (D:2)
  A dart slug (D:1)
  4 leopard geckos
  5 bats
  3 giant cockroaches
  8 goblins
  A hobgoblin (D:1)
  4 jackals (D:2)
  5 kobolds
  A ball python (D:1)
  4 frilled lizards
  4 rats (D:1)
41 creatures vanquished.

Vanquished Creatures (collateral kills)
  An ooze (D:1)
  3 worms
  A leopard gecko (D:2)
  3 hobgoblins
  2 jackals (D:2)
  3 goblins
  A kobold (D:1)
  A rat (D:1)
15 creatures vanquished.

Grand Total: 56 creatures vanquished

Notes
Turn   | Place    | Note
-------+----------+-------------------------------------------
     0 | D:1      | Harlander the Human Wizard began the quest for the Orb.
     0 | D:1      | Reached XP level 1. HP: 13/13 MP: 4/4
    63 | D:1      | Reached XP level 2. HP: 19/19 MP: 0/6
    71 | D:1      | Learned a level 2 spell: Blink
    74 | D:1      | Learned a level 2 spell: Call Imp
   414 | D:1      | Reached XP level 3. HP: 24/24 MP: 1/8
  1321 | D:2      | Found a shattered altar of Ashenzari.
  1526 | D:2      | Reached skill level 4 in Spellcasting
  1527 | D:2      | Reached XP level 4. HP: 28/30 MP: 3/10
  1578 | D:2      | Learned a level 3 spell: Mephitic Cloud
  1582 | D:2      | Learned a level 3 spell: Conjure Flame
  1839 | D:2      | Noticed Terence
  1985 | D:2      | Gained mutation: You are dopey. (Int -2) [potion of
                  | mutation]
  1985 | D:2      | Gained mutation: Scrolls take you a little longer to read.
                  | [potion of mutation]
  1985 | D:2      | Gained mutation: You passively map a small area around you.
                  | [potion of mutation]
  2061 | D:2      | HP: 2/45 [kobold/+0 club (1)]
  2063 | D:2      | Slain by a kobold

Skill      XL: |  1  2  3 |
---------------+----------+-----
Spellcasting   | 4 |  4.1
Fighting       | |  0.1
Staves         | |  0.7
Dodging        | |  2.4
Stealth        | |  2.6
Conjurations   | |  1.7
Summonings     | |  1.5
Translocations | |  1.1
Fire Magic     | |  0.1

Action                   |  1- 3 |  4- 6 || total
-------------------------+-------+-------++-------
Melee: Staff             |    56 |    52 ||   108
 Cast: Magic Dart        |    57 |    19 ||    76
       Call Imp          |    23 |    12 ||    35
       Conjure Flame     |       |     3 ||     3
       Mephitic Cloud    |       |     3 ||     3
       Blink             |       |     1 ||     1
  Use: Scroll            |     3 |     3 ||     6
       Potion            |     1 |     6 ||     7
 Stab: Sleeping          |     2 |       ||     2
       Confused          |       |     1 ||     1
  Eat: Chunk             |     2 |     3 ||     5
       Ration            |     1 |     1 ||     2
Armor: Robe              |    14 |    11 ||    25
Dodge: Dodged            |    82 |    55 ||   137
